 Dungeon Crawl Stone Soup version 0.19.1-1-g22dce08 (webtiles) character file.

21315 esteth the Severer (level 12, -3/114 HPs)
             Began as a Minotaur Fighter on Jan 1, 2017.
             Was a Priest of Makhleb.
             Slain by a 14-headed hydra (6 damage)
             ... on level 2 of the Lair of Beasts.
             The game lasted 00:37:59 (12802 turns).

esteth the Severer (Minotaur Fighter)              Turns: 12802, Time: 00:38:00

Health: -3/114     AC: 18    Str: 30    XL:     12   Next: 53%
Magic:  0/14       EV:  7    Int:  9    God:    Makhleb [***...]
Gold:   922        SH: 12    Dex: 14    Spells: 0 memorised, 11 levels left

rFire  . . .     SeeInvis .     A - +4 war axe (freeze)
rCold  . . .     Gourm    .     y - +1 plate armour
rNeg   . . .     Faith    .     c - +0 shield
rPois  .         Spirit   +     (helmet restricted)
rElec  .         Reflect  .     e - +0 cloak
rCorr  .         Harm     .     k - +0 pair of gloves
MR     .....                    (no boots)
Stlth  ..........               n - amulet of guardian spirit
                                g - +4 ring of strength
                                i - +2 ring of dexterity

@: no status effects
A: retaliatory headbutt, horns 2, camouflage 1, blink, clever 2, low mp 1,
robust 1, strong 1, no device heal 1
a: Blink, Minor Destruction, Lesser Servant of Makhleb, Renounce Religion


You were on level 2 of the Lair of Beasts.
You worshipped Makhleb.
Makhleb was most pleased with you.
You were hungry.

You visited 3 branches of the dungeon, and saw 14 of its levels.

You collected 922 gold pieces.

Inventory:

Hand Weapons
 a - a +1 war axe
 A - a +4 war axe of freezing (weapon)
 C - a +0 battleaxe
 H - a cursed +0 battleaxe
Armour
 c - a +0 shield (worn)
 e - a +0 cloak (worn)
 k - a +0 pair of gloves (worn)
 y - a +1 plate armour (worn)
 K - the +8 chain mail of Neahu {rElec Regen+ Dex-2 SInv, unknown}
   (You found it on level 8 of the Dungeon)

   It affects your dexterity (-2).
   It insulates you from electricity.
   It lets you see invisible.
   It increases your rate of regeneration.
Jewellery
 d - an uncursed ring of see invisible
 g - a +4 ring of strength (right hand)
 i - a +2 ring of dexterity (left hand)
 n - an amulet of guardian spirit (around neck)
 p - an uncursed ring of poison resistance
 r - an uncursed ring of stealth
 t - an uncursed ring of stealth
 R - an uncursed ring of protection from fire {unknown}
Wands
 q - a wand of flame (14/48)
 L - a wand of acid (2/15)
 P - a wand of disintegration (8/24)
 Q - a wand of slowing (20/48)
 T - a wand of acid (2/15)
Scrolls
 l - 7 scrolls of identify
 o - 7 scrolls of remove curse
 s - 3 scrolls of fear
 w - 4 scrolls of amnesia
 D - 3 scrolls of blinking
 F - 2 scrolls of recharging
 J - 2 scrolls of teleportation
Potions
 h - 4 potions of flight
 j - 5 potions of degeneration
 x - 2 potions of lignification
 z - a potion of invisibility
 I - a potion of ambrosia
 O - a potion of brilliance {unknown}
 S - 3 potions of might
Books
 v - a book of Cantrips

   Spells                             Type                      Level
   a - Confusing Touch                Hexes                        1
   b - Animate Skeleton               Necromancy                   1
   c - Summon Small Mammal            Summoning                    1
   d - Apportation                    Translocation                1
 E - a book of Frost

   Spells                             Type                      Level
   a - Freeze                         Ice                          1
   b - Throw Frost                    Conjuration/Ice              2
   c - Ozocubu's Armour               Charms/Ice                   3
   d - Throw Icicle                   Conjuration/Ice              4
   e - Summon Ice Beast               Ice/Summoning                4
 G - a book of Changes

   Spells                             Type                      Level
   a - Beastly Appendage              Transmutation                1
   b - Sticks to Snakes               Transmutation                2
   c - Spider Form                    Transmutation/Poison         3
   d - Ice Form                       Ice/Transmutation            4
   e - Blade Hands                    Transmutation                5
 M - a book of Maledictions

   Spells                             Type                      Level
   a - Corona                         Hexes                        1
   b - Ensorcelled Hibernation        Hexes/Ice                    2
   c - Confuse                        Hexes                        3
   d - Tukima's Dance                 Hexes                        3
   e - Dazzling Spray                 Conjuration/Hexes            3
 N - a book of Debilitation

   Spells                             Type                      Level
   a - Corona                         Hexes                        1
   b - Slow                           Hexes                        2
   c - Gell's Gravitas                Hexes/Translocation          3
   d - Inner Flame                    Hexes/Fire                   3
   e - Cause Fear                     Hexes                        4
   f - Leda's Liquefaction            Hexes/Earth                  4
Comestibles
 b - 8 royal jellies
 f - 3 bread rations
 m - 4 meat rations
 u - 3 beef jerkies
 B - 2 slices of pizza


   Skills:
 - Level 9.2 Fighting
 + Level 17.5 Axes
 - Level 10.5 Armour
 - Level 8.8 Shields
 - Level 6.3 Invocations


You had 11 spell levels left.
You didn't know any spells.

Dungeon Overview and Level Annotations

Branches:
Dungeon (11/15)            Temple (1/1) D:4            Lair (2/6) D:11
 Shoals (0/4) Lair:2        Snake (0/4) Lair:2          Orc (0/2) D:9

Altars:
Ashenzari
Cheibriados
Dithmenos
Elyvilon
Fedhas
Gozag
Hepliaklqana
Kikubaaqudgha
Makhleb
Nemelex Xobeh
Okawaru
Qazlal
Ru
Sif Muna
Trog
Uskayaw
Vehumet
Xom
Yredelemnul
Zin
The Shining One

Shops:
D:5 =

Annotations:
D:6 exclusion: oklob plant
Lair:2 exclusion: oklob plant


Innate Abilities, Weirdness & Mutations

You reflexively headbutt those who attack you in melee.
You have a pair of horns on your head.
Your skin changes colour to match your surroundings (Stealth+).
You can translocate small distances at will.
Your mind is very acute. (Int +4)
Your magical capacity is low. (-10% MP)
You are robust. (+10% HP)
Your muscles are strong. (Str +2)
Potions and wands are less effective at restoring your health.


Message History

* * * LOW HITPOINT WARNING * * *
You hack one of the 13-headed hydra's heads off!
The 12-headed hydra grows two more!
You hit the 14-headed hydra. You freeze the 14-headed hydra.
The 14-headed hydra is moderately wounded.
The 14-headed hydra barely misses you. You furiously retaliate!
You headbutt the 14-headed hydra.
You block the 14-headed hydra's attack. x2
The 14-headed hydra bites you!
* * * LOW HITPOINT WARNING * * *
You block the 14-headed hydra's attack. x2; The 14-headed hydra bites you.
* * * LOW HITPOINT WARNING * * *
The 14-headed hydra bites you but does no damage.
The 14-headed hydra bites you.
* * * LOW HITPOINT WARNING * * *
The 14-headed hydra bites you but does no damage. x4
The 14-headed hydra closely misses you.
Okay, then.
The 14-headed hydra is no longer covered in acid.
The 14-headed hydra bites you!
You die...

......................
........................
........................
........................
........................
........................
...≈....................
#≈....D...............
##≈<.@................
#.....................
>.≈.....................
..#≈....................
≈ ##≈...................
#≈...................
≈....................
......................
...................


You could see a 14-headed hydra.

Vanquished Creatures
  Gastronok (Lair:2)
  Harold (Lair:1)
  Fannar (Lair:1)
  3 hydras
  The ghost of markt42 the Basher, a journeyman GrFi of Okawaru (D:10)
  A hill giant (D:11)
  An obsidian statue (D:8)
  An orange crystal statue (D:8)
  The ghost of markt42 the Basher, a novice GrFi of Okawaru (D:8)
  An ugly thing (D:10)
  The ghost of Miant the Archer, a novice KoHu of Okawaru (D:7)
  A deep elf mage (D:10)
  A cyclops (D:11)
  2 black mambas (Lair:1)
  5 spiny frogs
  The ghost of N00B the Carver, a novice HEGl of Yredelemnul (D:5)
  A komodo dragon (Lair:1)
  A queen bee (D:11)
  A polar bear (Lair:1)
  Prince Ribbit (D:8)
  A two-headed ogre (D:9)
  5 hippogriffs
  Sigmund (D:5)
  5 yaks (Lair:1)
  A wyvern (D:9)
  A basilisk (Lair:2)
  A mottled dragon (D:11)
  2 nagas (Lair:2)
  4 water moccasins
  A porcupine (Lair:1)
  3 orc warriors
  An ice beast (D:11)
  3 sky beasts
  3 ogres
  A black bear (D:10)
  2 necrophages
  A phantom (D:7)
  The ghost of ZomBoFoB the Slasher, an amateur DsCK of Xom (D:3)
  A centaur (D:10)
  7 bullfrogs
  A wyvern zombie (D:6)
  5 scorpions
  15 killer bees (D:11)
  4 wights (D:7)
  4 howler monkeys
  A bullfrog zombie (D:11)
  10 crimson imps
  6 hounds
  2 centaur zombies
  A bullfrog skeleton (D:11)
  4 orc priests
  3 jellies
  3 centaur skeletons
  3 iguanas
  13 orc wizards
  4 worker ants
  A statue (D:8)
  A hound skeleton (D:8)
  A howler monkey zombie (D:9)
  A worker ant zombie (D:11)
  11 adders
  2 oozes
  An adder zombie (D:7)
  5 adder skeletons
  3 worms
  A dart slug (D:1)
  6 leopard geckos
  46 orcs
  7 giant cockroaches
  7 goblins
  6 hobgoblins
  11 jackals
  3 quokkas
  7 bats
  7 frilled lizards
  A jackal zombie (D:6)
  8 kobolds
  A leopard gecko skeleton (D:5)
  5 rats
  4 plants
297 creatures vanquished.

Notes
Turn   | Place    | Note
-------+----------+-------------------------------------------
     0 | D:1      | esteth the Minotaur Fighter began the quest for the Orb.
     0 | D:1      | Reached XP level 1. HP: 19/19 MP: 0/0
     0 | D:1      | Noticed an elf
     0 | D:1      | Noticed a ghoul
     1 | D:1      | Noticed a minotaur
     3 | D:1      | Noticed a dwarf
     5 | D:1      | Noticed a gargoyle
     6 | D:1      | Noticed a minotaur
     7 | D:1      | Noticed a vampire
    10 | D:1      | Noticed a vampire
    14 | D:1      | Noticed a dwarf
    16 | D:1      | Noticed a spriggan
    16 | D:1      | Noticed a vampire
    16 | D:1      | Noticed a human
    18 | D:1      | Noticed a spriggan
    99 | D:1      | Reached XP level 2. HP: 27/27 MP: 1/1
   184 | D:1      | Reached skill level 3 in Axes
   571 | D:1      | Reached XP level 3. HP: 33/33 MP: 2/2
   773 | D:2      | Reached skill level 4 in Axes
  1335 | D:2      | Reached XP level 4. HP: 40/40 MP: 3/3
  1463 | D:2      | Found an opulent altar of Gozag.
  1574 | D:2      | Reached skill level 5 in Axes
  1661 | D:3      | Noticed ZomBoFoB's ghost (amateur DsCK)
  1800 | D:3      | Found a shattered altar of Ashenzari.
  1944 | D:4      | Reached XP level 5. HP: 43/46 MP: 4/4
  1967 | D:4      | Reached skill level 6 in Axes
  2099 | D:4      | Reached skill level 7 in Axes
  2110 | D:4      | Reached XP level 6. HP: 46/52 MP: 3/5
  2139 | D:4      | Found a staircase to the Ecumenical Temple.
  2211 | D:4      | Reached skill level 8 in Axes
  2459 | D:4      | Found an iron altar of Okawaru.
  2762 | D:5      | Entered Level 5 of the Dungeon
  2888 | D:5      | Noticed N00B's ghost (novice HEGl)
  3548 | D:3      | Reached XP level 7. HP: 58/58 MP: 6/6
  3557 | D:3      | Reached skill level 9 in Axes
  3614 | D:3      | Killed ZomBoFoB's ghost
  3897 | D:5      | Found a shimmering altar of Xom.
  4016 | D:5      | Noticed Sigmund
  4035 | D:5      | Killed Sigmund
  4035 | D:5      | Reached skill level 10 in Axes
  4070 | D:5      | Found Rud Nog's Jewellery Emporium.
  4366 | D:5      | Killed N00B's ghost
  4366 | D:5      | Reached skill level 11 in Axes
  4366 | D:5      | Reached XP level 8. HP: 45/66 MP: 4/7
  4713 | D:6      | Reached skill level 5 in Fighting
  4972 | D:6      | Found a blossoming altar of Fedhas.
  4983 | D:6      | Noticed an oklob plant
  5399 | Temple   | Entered the Ecumenical Temple
  5509 | Temple   | Became a worshipper of Makhleb the Destroyer
  5611 | D:7      | Got a jewelled ring mail
  5612 | D:7      | Identified the +4 ring mail "Wuxuck" {+Blink Dex+2} (You found it on level 7 of the Dungeon)
  5662 | D:7      | Found a stormy altar of Qazlal.
  5734 | D:7      | Found a hazy altar of Hepliaklqana.
  6099 | D:7      | Reached XP level 9. HP: 35/83 MP: 2/8
  6415 | D:7      | Reached skill level 5 in Armour
  6543 | D:7      | Found a deep blue altar of Sif Muna.
  6630 | D:7      | Noticed a hill giant
  6756 | D:7      | Noticed Miant's ghost (novice KoHu)
  6780 | D:7      | Killed Miant's ghost
  7086 | D:8      | Found a shadowy altar of Dithmenos.
  7440 | D:8      | Noticed an orange crystal statue
  7462 | D:8      | Killed an orange crystal statue
  7462 | D:8      | Reached * piety under Makhleb
  7462 | D:8      | Reached skill level 10 in Armour
  7462 | D:8      | Reached XP level 10. HP: 91/91 MP: 1/9
  7493 | D:8      | Noticed an obsidian statue
  7544 | D:8      | Noticed a sun demon
  7544 | D:8      | Got a pitted chain mail
  7554 | D:8      | Noticed an orange demon
  7571 | D:8      | Gained mutation: You can translocate small distances at will. [potion of mutation]
  7571 | D:8      | Gained mutation: You are robust. (+10% HP) [potion of mutation]
  7571 | D:8      | Gained mutation: Your mind is acute. (Int +2) [potion of mutation]
  7580 | D:8      | HP: 7/150 [poisoned by an orange demon]
  7582 | D:8      | HP: 3/150 [ynoxinul[an obsidian statue] (2)]
  7583 | D:8      | Noticed an orange demon
  7589 | D:8      | Gained mutation: Potions and wands are less effective at restoring your health. [potion of mutation]
  7589 | D:8      | Gained mutation: Your skin changes colour to match your surroundings (Stealth+). [potion of mutation]
  7589 | D:8      | Gained mutation: Your mind is very acute. (Int +4) [potion of mutation]
  7590 | D:8      | Gained mutation: Your magical capacity is low. (-10% MP) [potion of mutation]
  7590 | D:8      | Gained mutation: Your muscles are strong. (Str +2) [potion of mutation]
  7986 | D:8      | Noticed a rust devil
  7987 | D:8      | Killed an obsidian statue
  8063 | D:8      | Noticed Prince Ribbit
  8072 | D:8      | Killed Prince Ribbit
  8483 | D:8      | Found a radiant altar of Vehumet.
  8518 | D:8      | Noticed markt42's ghost (novice GrFi)
  8563 | D:8      | Killed markt42's ghost
  8563 | D:8      | Reached skill level 5 in Invocations
  8978 | D:9      | Found a staircase to the Orcish Mines.
  9081 | D:9      | Reached skill level 5 in Shields
  9373 | D:9      | Reached ** piety under Makhleb
  9544 | D:10     | Entered Level 10 of the Dungeon
  9778 | D:10     | Noticed a brown ugly thing
  9790 | D:10     | Killed a brown ugly thing
  9848 | D:10     | Noticed markt42's ghost (journeyman GrFi)
  9897 | D:10     | Killed markt42's ghost
  9897 | D:10     | Reached XP level 11. HP: 86/106 MP: 0/13
 10053 | D:10     | Noticed a deep elf mage
 10056 | D:10     | Killed a deep elf mage
 10201 | D:10     | Reached skill level 12 in Axes
 10359 | D:11     | Reached skill level 13 in Axes
 10731 | D:11     | Noticed a hill giant
 10733 | D:11     | Noticed a seven-headed hydra
 10753 | D:11     | Killed a hill giant
 10763 | D:11     | HP: 4/106 [15-headed hydra (2)]
 10765 | D:11     | Killed a 17-headed hydra
 11303 | D:11     | Found a staircase to the Lair.
 11354 | D:11     | Reached skill level 14 in Axes
 11623 | Lair:1   | Entered Level 1 of the Lair of Beasts
 11700 | Lair:1   | Reached *** piety under Makhleb
 11735 | Lair:1   | Noticed a seven-headed hydra
 11747 | Lair:1   | Killed a 13-headed hydra
 11820 | Lair:1   | Reached skill level 15 in Axes
 11855 | Lair:1   | Noticed Harold
 11855 | Lair:1   | Noticed a four-headed hydra
 11866 | Lair:1   | Killed a nine-headed hydra
 11869 | Lair:1   | Killed Harold
 11869 | Lair:1   | Reached XP level 12. HP: 72/114 MP: 5/14
 11933 | Lair:1   | Found a labyrinth entrance.
 12086 | Lair:1   | Reached skill level 16 in Axes
 12102 | Lair:1   | Noticed Fannar
 12296 | Lair:1   | Killed Fannar
 12592 | Lair:2   | Found a staircase to the Snake Pit.
 12703 | Lair:2   | Reached skill level 17 in Axes
 12713 | Lair:2   | Noticed Gastronok
 12730 | Lair:2   | Killed Gastronok
 12787 | Lair:2   | Noticed an eight-headed hydra
 12798 | Lair:2   | HP: 3/114 [14-headed hydra (5)]
 12802 | Lair:2   | Found a staircase to the Shoals.
 12802 | Lair:2   | Slain by a 14-headed hydra

Skill      XL: |  1  2  3  4  5  6  7  8  9 10 11 12 |
---------------+-------------------------------------+-----
Armour         | 4 10 | 10.5
Axes           | 3 4 5 7 8 11 15 17 | 17.5
Fighting       | 9 |  9.2
Invocations    | 6 |  6.3
Shields        | 8 |  8.8

Action                   |  1- 3 |  4- 6 |  7- 9 | 10-12 || total
-------------------------+-------+-------+-------+-------++-------
Melee: War axe           |   127 |   156 |   266 |   465 ||  1014
       Headbutt          |    12 |    24 |    53 |   114 ||   203
 Abil: Evoke Blink       |       |       |     1 |       ||     1
Evoke: Wand              |       |       |       |     6 ||     6
  Use: Scroll            |     5 |       |     9 |     8 ||    22
       Potion            |       |     1 |       |    12 ||    13
 Stab: Invisible         |       |       |       |     2 ||     2
  Eat: Chunk             |     2 |     2 |     8 |     8 ||    20
       Bread ration      |       |     1 |       |     2 ||     3
       Meat ration       |       |       |     1 |       ||     1
Armor: Scale mail        |    61 |    28 |       |       ||    89
       Plate armour      |       |    52 |   122 |   270 ||   444
       Skin              |       |       |       |    53 ||    53
Dodge: Dodged            |    45 |    22 |    30 |   122 ||   219
Block: Shield            |    94 |    80 |   102 |   273 ||   549
